AoeStats
← 8

Arena

509655091Analyzed
3v3 RM · 6d ago on Sep 27, 2026· 41m 21s· 6 players
Game mode
Random Map
Map size
Normal (6 player)
Population
200
Speed
Normal
Resources
Standard
Victory
Conquest
Starting age
Dark Age
Ending age
Imperial Age
RankedLock teamsTeams togetherTeam positionsShared explorationLock speedFull tech treeHidden civsTurbo modeCheats
Victory
Defeat
🇺🇸 Khmer · United States
1199
+12
🇺🇸 Dravidians · United States
1132
+15
🇮🇳 Italians · India
1128
+15
🇺🇸 Burgundians · United States
1126
-15
🇧🇷 Khmer · Brazil
1104
-14
🇬🇷 Persians · Greece
1093
-13
TheKeeG_
10:39 Feudal Age
15:16 Castle Age
13:49 Double-Bit Axe
13:50 Horse Collar
14:11 Gold Mining
15:15 Bow Saw
14:58 Loom
21:48 Wheelbarrow
22:05 Fortified Wall
25:18 Two-Man Saw
24:11 Stone Mining
25:33 Town Watch
31:40 Imperial Age
31:18 Gold Shaft Mining
31:19 Stone Shaft Mining
32:21 Hand Cart
32:07 Fletching
32:18 Padded Archer Armor
31:41 Elite Skirmisher
34:04 Ballistics
35:51 Bodkin Arrow
36:12 Leather Archer Armor
36:26 Light Cavalry
37:06 Husbandry
38:07 Bracer
38:28 Cavalier
39:28 Hussar
aLaNi
5:06 Loom
10:04 Feudal Age
17:11 Castle Age
15:43 Double-Bit Axe
15:45 Horse Collar
17:18 Bloodlines
17:17 Scale Barding Armor
26:42 Bow Saw
26:51 Heavy Plow
27:11 Forging
27:30 Husbandry
29:01 Wheelbarrow
29:00 Chain Barding Armor
29:02 Elite Skirmisher
29:45 Fletching
30:47 Padded Archer Armor
34:13 Pikeman
Arqueiro Vermelho
0:28 Loom
12:40 Feudal Age
15:35 Castle Age
14:12 Double-Bit Axe
14:40 Stone Mining
14:48 Horse Collar
23:57 Town Watch
25:34 Wheelbarrow
28:00 Hand Cart
30:15 Pikeman
Ra
10:04 Feudal Age
10:29 Loom
13:02 Castle Age
11:12 Double-Bit Axe
11:50 Horse Collar
18:44 Bloodlines
19:17 Scale Barding Armor
23:51 Wheelbarrow
36:54 Gold Mining
39:40 Chain Barding Armor
39:30 Forging
39:25 Tusk Swords
39:46 Hand Cart
39:16 Town Watch
39:45 Bow Saw
39:38 Heavy Plow
dipsh*t
9:46 Feudal Age
13:26 Castle Age
11:15 Loom
12:52 Double-Bit Axe
15:09 Wheelbarrow
14:20 Horse Collar
18:20 Fletching
20:35 Bodkin Arrow
22:56 Padded Archer Armor
24:24 Ballistics
31:19 Scale Barding Armor
32:01 Hand Cart
37:11 Imperial Age
35:09 Bow Saw
35:47 Forging
36:25 Squires
38:17 Iron Casting
37:42 Scale Mail Armor
8
10:30 Feudal Age
14:30 Castle Age
13:10 Double-Bit Axe
14:19 Fletching
17:19 Crossbowman
22:24 Pikeman
28:20 Wheelbarrow
29:08 Loom
31:17 Bodkin Arrow
32:44 Padded Archer Armor
34:38 Bow Saw
37:18 Thumb Ring
37:30 Leather Archer Armor
42:14 Imperial Age
Connection lost

Rejoining the realm…

Still unreachable

The connection could not be restored.

Session expired

The server has moved on; the page needs a fresh start.